 Dungeon Crawl Stone Soup version 0.28.0-53-g5a82cb258f (webtiles) character file.

Game seed: 13146332142801583833

883 styxcanada the Covert (level 7, -9/35 HPs)
             Began as a Spriggan Brigand on June 21, 2022.
             Was an Initiate of Gozag.
             Killed by divine providence
             ... invoked by an orc priest
              (13 damage)
             ... on level 5 of the Dungeon on June 22, 2022.
             The game lasted 00:22:56 (4910 turns).

styxcanada the Covert (Spriggan Brigand)            Turns: 4910, Time: 00:22:59

Health: -9/35      AC: 10    Str:  7    XL:     7   Next: 76%
Magic:  12/12      EV: 15    Int: 12    God:    Gozag
Gold:   142        SH:  0    Dex: 19    Spells: 9/12 levels left

rFire   . . .      SeeInvis +   p - +2 short sword (speed)
rCold   . . .      Faith    .   (no shield)
rNeg    . . .      Spirit   .   n - quicksilver dragon scales
rPois   .          Reflect  .   (helmet restricted)
rElec   .          Harm     .   c - +0 cloak
rCorr   +          Rampage  .   (gloves unavailable)
Will    ++...                   (boots unavailable)
Stlth   ++++......              (no amulet)
HPRegen 0.11/turn               t - ring of resist corrosion
MPRegen 0.13/turn               (no ring)

@: very quick
A: very small, no large weapons, unfitting armour, see invisible, speed 3
a: Renounce Religion, Potion Petition, Call Merchant, Bribe Branch


You were on level 5 of the Dungeon.
You worshipped Gozag.
Gozag was aware of your devotion.
You visited 2 branches of the dungeon, and saw 6 of its levels.

You collected 176 gold pieces.
You paid 34 gold pieces to Gozag.

Inventory:

Hand Weapons
 a - a +2 dagger of flaming
 p - a +2 short sword of speed (weapon)
Missiles
 d - a boomerang (quivered)
 g - 120 stones
 j - 12 sling bullets
Armour
 b - a +0 robe
 c - a +0 cloak (worn)
 n - quicksilver dragon scales (worn)
Jewellery
 t - a ring of resist corrosion (left hand)
Wands
 e - a wand of acid (10)
 h - a wand of polymorph (3)
Scrolls
 f - 3 scrolls of teleportation
Potions
 m - 4 potions of curing
 o - 2 potions of flight
 s - a potion of magic


   Skills:
 * Level 2.5 Fighting
 + Level 4.2 Short Blades
 + Level 3.0 Throwing
 * Level 1.7 Armour
 * Level 3.4 Dodging
 * Level 8.7 Stealth
 * Level 3.1 Spellcasting
 * Level 1.4 Conjurations
 * Level 1.8 Air Magic
 * Level 1.8 Poison Magic


You had 9 spell levels left.
You knew the following spells:

 Your Spells              Type           Power      Damage    Failure   Level
a - Mephitic Cloud        Conj/Pois/Air  6%         N/A       75%         3

Your spell library contained the following spells:

 Spells                   Type           Power      Damage    Failure   Level
 Animate Skeleton         Necr           2%         N/A       63%         1
 Apportation              Tloc           2%         N/A       63%         1
 Summon Small Mammal      Summ           4%         N/A       63%         1
 Ignite Poison            Fire/Tmut/Pois 3%         N/A       88%         3
 Freezing Cloud           Conj/Ice/Air   2%         6-21      100%        5


Dungeon Overview and Level Annotations

Branches:
Dungeon (5/15)             Temple (1/1) D:5

Altars:
Fedhas
Gozag
Makhleb
Nemelex Xobeh
Trog
Yredelemnul
The Shining One

Shops:
D:4 !


Innate Abilities, Weirdness & Mutations

You are very small and have problems with some larger weapons.
You are too small for most types of armour.
You have supernaturally acute eyesight. (SInv)
You cover ground extremely quickly. (Speed+++)


Message History

Aim: an orc priest, wielding a +0 dagger and wearing a +0 leather armour (lightly wounded, poisoned, 63% to hit)
You throw a poisoned dart.
The poisoned dart barely misses the orc priest.
The orc priest casts a cantrip, but nothing happens.
Throw: dart (poison)
Press: ? - help, Q - select action, (/) - cycle Shift-Dir - straight line, f/p - orc priest
Aim: an orc priest, wielding a +0 dagger and wearing a +0 leather armour (lightly wounded, poisoned, 63% to hit)
You throw a poisoned dart. The poisoned dart hits the orc priest.
The orc priest is lightly wounded.
The orc priest looks more healthy.
The orc priest invokes the aid of Beogh against you.
Beogh smites you!
* * * LOW HITPOINT WARNING * * *
The orc shouts!
The orc priest hits you but does no damage.
You closely miss the orc priest.
The orc priest is lightly wounded.
You hit the orc priest.
The orc priest is moderately wounded.
The orc priest hits you with a +0 dagger.
* * * LOW HITPOINT WARNING * * *
You hit the orc priest.
The orc priest is heavily wounded.
The orc priest closely misses you.
You hit the orc priest.
The orc priest is severely wounded.
You hit the orc priest but do no damage.
The orc priest is severely wounded.
The orc priest barely misses you.
Throw: boomerang
Press: ? - help, Q - select action, (/) - cycle Shift-Dir - straight line, f/p - orc priest
Aim: an orc priest, wielding a +0 dagger and wearing a +0 leather armour (severely wounded, 63% to hit)
You throw a boomerang. The boomerang hits the orc.
The orc is heavily wounded.
The orc priest invokes the aid of Beogh against you.
You resist with almost no effort. The orc hits you but does no damage.
The orc priest invokes the aid of Beogh against you.
Beogh smites you!
You die...
Your body crumbles into a pile of gold.

..#######+###'#..................
..# #.......#..................
..# +.......######+############
..# #.................
..#+###+########<.......
..........(....########+#
............(............
..............oo.........
................@........
.......................[.
..#+###+#######....#####+ ..#
#....# ..# #....# ..# #....# ..#
#....# ..# #....# ..#


You could see an orc priest and an orc.

Vanquished Creatures
  Sigmund (D:4)
  Edmund (D:4)
  A water moccasin zombie (D:5)
  A wyvern skeleton (D:5)
  4 howler monkeys (D:5)
  3 jellies
  2 orc priests (D:5)
  A hound (D:5)
  Jessica (D:3)
  Robin (D:4)
  An adder (D:5)
  An adder skeleton (D:4)
  2 worms (D:2)
  A dart slug (D:2)
  13 orcs
  9 ball pythons
  3 bats
  3 endoplasms
  3 giant cockroaches
  14 goblins
  4 hobgoblins
  A quokka (D:3)
  2 frilled lizards
  6 kobolds
  4 rats
83 creatures vanquished.

Vanquished Creatures (others)
  A plant (D:3)
1 creature vanquished.

Grand Total: 84 creatures vanquished

Notes
Turn   | Place    | Note
-------+----------+-------------------------------------------
     0 | D:1      | styxcanada the Spriggan Brigand began the quest for the
                  | Orb.
     0 | D:1      | Reached XP level 1. HP: 10/10 MP: 2/2
    97 | D:1      | Reached skill level 6 in Stealth
   265 | D:1      | Reached XP level 2. HP: 11/14 MP: 3/3
   366 | D:1      | Found a faded altar of an unknown god.
  1261 | D:2      | Reached skill level 7 in Stealth
  1555 | D:2      | Reached XP level 3. HP: 18/18 MP: 4/4
  2004 | D:2      | Learned a level 3 spell: Mephitic Cloud
  2310 | D:3      | Noticed Jessica
  2345 | D:3      | Killed Jessica
  2346 | D:3      | Reached XP level 4. HP: 23/23 MP: 6/6
  2365 | D:3      | Found a burning altar of Makhleb.
  2721 | D:4      | Noticed Sigmund
  2767 | D:4      | Killed Sigmund
  2768 | D:4      | Reached skill level 8 in Stealth
  2768 | D:4      | Reached skill level 1 in Spellcasting
  2768 | D:4      | Reached XP level 5. HP: 26/26 MP: 6/8
  2827 | D:4      | Noticed Robin
  2834 | D:4      | Found Afown's Distillery.
  2851 | D:4      | Noticed Edmund
  2908 | D:4      | Killed Robin
  2909 | D:4      | Reached skill level 1 in Poison Magic
  2917 | D:4      | Reached XP level 6. HP: 26/30 MP: 9/9
  2993 | D:4      | Reached skill level 1 in Air Magic
  3012 | D:4      | Killed Edmund
  3013 | D:4      | Reached skill level 1 in Conjurations
  3769 | D:4      | Found a blossoming altar of Fedhas.
  3924 | D:5      | Entered Level 5 of the Dungeon
  3938 | D:5      | Reached skill level 1 in Armour
  4123 | D:5      | Reached XP level 7. HP: 35/35 MP: 11/11
  4479 | D:5      | Found a staircase to the Ecumenical Temple.
  4488 | Temple   | Entered the Ecumenical Temple
  4513 | Temple   | Became a worshipper of Gozag Ym Sagoz the Greedy
  4555 | D:5      | Found a sparkling altar of Nemelex Xobeh.
  4910 | D:5      | Killed from afar by an orc priest

Illustrated notes

Levels and vault maps discovered:
D:1:      minmay_arrival_three_doors, layout_loops_ring,
          shapermc_ecumenical_altar_acropolis, minmay_misc_feat_doors
D:2:      layout_loops_corners
D:3:      layout_basic, bloody_makhleb, serial_bayou_crossing, uniq_jessica
D:4:      layout_rooms, fedhas_altar_1, serial_shops, shop, uniq_sigmund,
          uniq_edmund, uniq_robin
D:5:      cheibrodos_helix_gallery, layout_gridville,
          mainiacjoe_overflow_alcove_2, kennysheep_mini, temple_hall,
          hellmonk_bongcloud_opening, st_stairs_1
Temple:   cyrus_temple_forest

Skill      XL: |  1  2  3  4  5  6  7 |
---------------+----------------------+-----
Stealth        | 6 7 8 |  8.7
Dodging        | 2 3 |  3.4
Fighting       | 2 |  2.5
Spellcasting   | 1 2 3 |  3.1
Poison Magic   | 1 |  1.8
Air Magic      | 1 |  1.8
Short Blades   | 3 4 |  4.2
Conjurations   | 1 |  1.4
Armour         | 1 |  1.7
Throwing       | 3 |  3.0

Action                   |  1- 3 |  4- 6 |  7- 9 || total
-------------------------+-------+-------+-------++-------
Melee: Dagger            |    91 |    10 |       ||   101
       Short sword       |       |    88 |    90 ||   178
       Punch             |       |       |     2 ||     2
Throw: Dart              |    20 |    31 |    18 ||    69
       Boomerang         |       |     1 |     5 ||     6
Evoke: Wand              |       |       |     1 ||     1
  Use: Scroll            |       |    11 |     1 ||    12
 Stab: Sleeping          |    12 |     1 |     2 ||    15
       Distracted        |       |     1 |       ||     1
Armor: Robe              |     9 |       |       ||     9
       Quicksilver drago |     1 |    19 |    16 ||    36
Dodge: Dodged            |    44 |    44 |    29 ||   117
